 Dungeon Crawl Stone Soup version 0.29-a0-418-gc0181ea820 (webtiles) character file.

Game seed: 10505443767733911874

99 hquester the Skirmisher (level 4, -2/35 HPs)
             Began as a Demonspawn Abyssal Knight on May 17, 2022.
             Was a Priest of Lugonu.
             Slain by an orc wizard
             ... wielding a +0 dagger
              (3 damage)
             ... on level 3 of the Dungeon.
             The game lasted 00:10:02 (2464 turns).

hquester the Skirmisher (Demonspawn Abyssal Knight) Turns: 2464, Time: 00:10:02

Health: -2/35      AC:  6    Str: 14    XL:     4   Next: 45%
Magic:  6/6        EV: 11    Int: 13    God:    Lugonu [***...]
Gold:   133        SH:  0    Dex: 13    Spells: 5/5 levels left

rFire   . . .      SeeInvis .   a - +2 short sword
rCold   . . .      Faith    .   (no shield)
rNeg    . . .      Spirit   .   g - +0 ring mail
rPois   .          Reflect  .   (helmet restricted)
rElec   .          Harm     .   (no cloak)
rCorr   .          Rampage  .   (no gloves)
Will    .....                   c - +0 pair of boots
Stlth   +.........              (no amulet)
HPRegen 0.11/turn               m - ring of wizardry
MPRegen 0.10/turn               (no ring)

@: attractive
A: antennae 1, powered by death 2
a: Renounce Religion, Depart the Abyss, Bend Space, Banish


You were on level 3 of the Dungeon.
You worshipped Lugonu.
Lugonu was most pleased with you.
You visited 1 branch of the dungeon, and saw 3 of its levels.
You visited the Abyss 1 time.

You collected 133 gold pieces.

Inventory:

Hand Weapons
 a - a +2 short sword (weapon)
Armour
 c - a +0 pair of boots (worn)
 e - an orb of energy
 g - a +0 ring mail (worn)
Jewellery
 m - a ring of wizardry (left hand)
Wands
 d - a wand of acid (9)
Scrolls
 h - 2 scrolls of enchant weapon
 k - a scroll of amnesia
Potions
 b - a potion of berserk rage {unknown}
 f - a potion of curing {unknown}
 i - 2 potions of cancellation
 j - a potion of attraction


   Skills:
 + Level 3.3 Fighting
 + Level 2.4 Short Blades
 + Level 2.3 Armour
 + Level 1.7 Dodging
 + Level 1.0 Stealth
 + Level 1.0 Spellcasting
 * Level 0.0 Summonings
 + Level 3.0 Invocations
 + Level 0.0 Evocations


You had 5 spell levels left.
You didn't know any spells.
Your spell library contained the following spells:

 Spells                   Type           Power      Damage    Failure   Level
 Summon Small Mammal      Summ           0%         N/A       22%         1
 Blink                    Tloc           0%         N/A       32%         2
 Corpse Rot               Necr/Air       0%         N/A       32%         2
 Poisonous Vapours        Pois/Air       0%         N/A       32%         2
 Call Canine Familiar     Summ           0%         N/A       52%         3
 Lesser Beckoning         Tloc           0%         N/A       52%         3
 Summon Guardian Golem    Hex/Summ       0%         N/A       52%         3
 Manifold Assault         Tloc           0%         N/A       99%         5


Dungeon Overview and Level Annotations

Branches:
Dungeon (3/15)

Altars:


Innate Abilities, Weirdness & Mutations

You have a pair of small antennae on your head.
You regenerate health from kills.


Message History

Lugonu accepts your kill.
The orc wizard hits you but does no damage.
You hit the orc wizard but do no damage.
The orc wizard hits you with a +0 dagger.
You hit the orc wizard but do no damage.
The orc wizard hits you with a +0 dagger.
You closely miss the orc wizard.
The orc wizard gestures wildly while chanting.
The orc wizard flickers and vanishes!
Deactivating autopickup; reactivate with Ctrl-A.
You hit something. You closely miss something. Something hits you.
You closely miss something. Something completely misses you.
The orc hits you but does no damage.
You hit something. Something hits you but does no damage.
You miss something. Something hits you.
You miss something. Something hits you but does no damage.
You closely miss something. Something hits you.
You hit something. Something hits you.
You closely miss something. Something hits you but does no damage.
You miss something.
You hear some strange, mumbled words.
A magic dart appears from out of thin air!
The magic dart hits you!
You barely miss something. Something hits you but does no damage.
You closely miss something. Something completely misses you.
You closely miss something. Something hits you.
* * * LOW HITPOINT WARNING * * *
You hit something. Something hits you but does no damage.
You closely miss something. Something hits you.
* * * LOW HITPOINT WARNING * * *
You closely miss something.
You hear some strange, mumbled words.
A puff of flame appears from out of thin air!
The puff of flame hits you!
* * * LOW HITPOINT WARNING * * *
It was a potion of attraction.
You feel attractive to monsters. Something hits you.
You die...

.....# #.# .# .....#
##.#+######
...###.#.###...........
......................
.........#..........
.#.###...#.#........#
.......)o...........#
.#.###.#{####.#.#...###
#.#@#.............
..#.......†....##.
...................
.................##.
.....#.#.............
?.............<....##.
###.#.#.##.#...#.# .
.......#...#.#
##........# #


You could see an orc.

Vanquished Creatures
  3 adders (D:2)
  A gnoll (D:1)
  A worm (D:2)
  2 dart slugs (D:1)
  3 orcs (D:3)
  5 bats
  4 endoplasms
  3 giant cockroaches
  3 hobgoblins
  4 jackals (D:2)
  2 quokkas
  4 ball pythons
  3 frilled lizards
  5 goblins
  5 kobolds
  7 rats
55 creatures vanquished.

Notes
Turn   | Place    | Note
-------+----------+-------------------------------------------
     0 | Abyss:1  | hquester the Demonspawn Abyssal Knight began the quest for
                  | the Orb.
     0 | Abyss:1  | Reached XP level 1. HP: 18/18 MP: 2/2
   132 | Abyss:1  | Noticed an iron imp
   135 | Abyss:1  | Noticed a small abomination
   151 | Abyss:1  | Noticed a quasit
   168 | Abyss:1  | Noticed an iron imp
   170 | D:1      | Escaped the Abyss
   547 | D:1      | Reached skill level 1 in Dodging
   744 | D:1      | Gained mutation: You regenerate a little health from kills.
                  | [demonic ancestry]
   744 | D:1      | Reached XP level 2. HP: 19/24 MP: 3/3
   887 | D:1      | Reached ** piety under Lugonu
   909 | D:1      | Gained mutation: You regenerate health from kills. [demonic
                  | ancestry]
   909 | D:1      | Reached XP level 3. HP: 11/29 MP: 5/5
  1834 | D:2      | Gained mutation: You have a pair of small antennae on your
                  | head. [demonic ancestry]
  1834 | D:2      | Reached XP level 4. HP: 25/35 MP: 6/6
  1921 | D:2      | Reached skill level 1 in Stealth
  2144 | D:2      | Reached skill level 1 in Spellcasting
  2376 | D:2      | Reached *** piety under Lugonu
  2463 | D:3      | HP: 1/35 [something/puff of flame (9)]
  2464 | D:3      | Slain by an orc wizard

Illustrated notes

Levels and vault maps discovered:
D:1:      amcnicky_arrival_underground_garden, layout_basic
D:2:      layout_basic
D:3:      layout_basic, basic_ecumenical_altar, uniq_crazy_yiuf_cottage

Skill      XL: |  1  2  3  4 |
---------------+-------------+-----
Dodging        | 1 |  1.7
Short Blades   | 2 |  2.4
Armour         | 2 |  2.3
Invocations    | 3 |  3.0
Stealth        | 1 |  1.0
Spellcasting   | 1 |  1.0
Fighting       | |  3.3

Action                   |  1- 3 |  4- 6 || total
-------------------------+-------+-------++-------
Melee: Short sword       |   165 |    65 ||   230
       Punch             |     2 |       ||     2
Invok: Depart the Abyss  |     1 |       ||     1
  Use: Scroll            |     5 |     2 ||     7
       Potion            |       |     1 ||     1
Armor: Leather armour    |    10 |       ||    10
       Ring mail         |    64 |    23 ||    87
Dodge: Dodged            |   119 |    15 ||   134

Table legend: (Time is in decaauts)
 A = Elapsed time spent in this place.
 B = Non-inter-level travel time spent in this place.
 C = Inter-level travel time spent in this place.
 D = Time resting spent in this place.
 E = Time spent auto-exploring this place.
 F = Levels seen in this place.
 G = Mean time per level.
                   A        B        C        D        E       F      G
               +--------+--------+--------+--------+--------+-----+--------+
         Total |   2460 |   2429 |     31 |    312 |   1546 |   4 |  615.0 |
       Dungeon |   2290 |   2259 |     31 |    312 |   1420 |   3 |  763.3 |
         Abyss |    170 |    170 |      0 |      0 |    126 |   1 |  170.0 |
               +--------+--------+--------+--------+--------+-----+--------+

Top non-repeatable levels by time:
     D:1: 1347 daAuts
     D:2: 891 daAuts
 Abyss:1: 170 daAuts
     D:3: 52 daAuts
